 Dungeon Crawl Stone Soup version 0.28-b1-1-g3c77fb2ed1 (webtiles) character file.

Game seed: 9290537913655556458

28 DildoBatman the Conjurer (level 3, -7/15 (24) HPs)
             Began as a Formicid Conjurer on Jan 27, 2022.
             Killed from afar by Natasha (10 damage)
             ... with a magic dart
             ... on level 1 of the Dungeon.
             The game lasted 00:04:04 (1101 turns).

DildoBatman the Conjurer (Formicid Conjurer)        Turns: 1101, Time: 00:04:05

HP:   -7/15 (24)    AC:  2    Str: 11    XL:     3   Next: 27%
MP:   6/6           EV: 12    Int: 17    God:
Gold: 24            SH:  0    Dex: 11    Spells: 3/6 levels left

rFire   . . .      SeeInvis +   l - +0 short sword
rCold   . . .      Faith    +   (no shield)
rNeg    . . .      Spirit   .   a - +0 robe
rPois   .          Reflect  .   (helmet unavailable)
rElec   .          Harm     .   (no cloak)
rCorr   .          Rampage  .   (no gloves)
Will    .....                   (no boots)
Stlth   ++........              g - amulet of faith
HPRegen 0.05/turn               (no ring)
MPRegen 0.10/turn               (no ring)

@: very heavily drained
A: permanent stasis, dig shafts and tunnels, antennae 3, four strong arms
a: Dig, Shaft Self


You were on level 1 of the Dungeon.
You visited 1 branch of the dungeon, and saw 2 of its levels.

You collected 24 gold pieces.

Inventory:

Hand Weapons
 b - a +0 dagger
 l - a +0 short sword (weapon)
Missiles
 k - 18 stones
Armour
 a - a +0 robe (worn)
 j - an orb of energy
Jewellery
 f - a ring of ice
 g - an amulet of faith (around neck)
Scrolls
 c - a scroll of teleportation {unknown}
 e - a scroll of identify {unknown}
 h - a scroll of fog {unknown}
 i - a scroll of noise {unknown}
Potions
 d - a potion of might {unknown}


   Skills:
 - Level 1.7 Dodging
 - Level 2.4 Stealth
 - Level 2.1 Spellcasting
 * Level 4.5 Conjurations


You had 3 spell levels left.
You knew the following spells:

 Your Spells              Type           Power      Damage    Failure   Level
a - Searing Ray           Conj           34%        2d5       4%          2
c - Magic Dart            Conj           68%        1d6       3%          1

Your spell library contained the following spells:

 Spells                   Type           Power      Damage    Failure   Level
 Dazzling Flash           Conj/Hex       18%        N/A       22%         3
 Fulminant Prism          Conj/Hex       4%         3d6       58%         4
 Iskenderun's Mystic Bla  Conj/Tloc      9%         2d4       58%         4


Dungeon Overview and Level Annotations

Branches:
Dungeon (2/15)

Altars:

Annotations:
D:1 exclusion: sensed monster (detected), Natasha


Innate Abilities, Weirdness & Mutations

You cannot be hasted, slowed, berserked, paralysed or teleported.
You can dig through walls and to a lower floor.
You have a pair of large antennae on your head. (SInv)
Your four strong arms can wield two-handed weapons with a shield.


Message History

You see here 4 javelins.
The shadow imp shouts!
Natasha casts a spell at you.
Your stasis prevents you from being slowed.
An endoplasm comes into view.
Natasha claws you but does no damage.
You extend your mandibles.
You dig through the rock wall.
You feel drained. Natasha claws you. The shadow imp barely misses you.
You retract your mandibles.
Found two stone staircases leading down.
Natasha barely misses you. The shadow imp hits you.
There is a stone staircase leading up here.
The shadow imp misses you. Natasha claws you.
You climb upwards.
The shadow imp disappears in a puff of smoke!
Level annotation: exclusion: sensed monster (detected)
There is a stone staircase leading down here.
You extend your mandibles.
You dig through the rock wall.
You feel drained.
You dig through the rock wall.
You feel drained.
You dig through the rock wall.
You feel drained.
Natasha stares at you and mumbles some strange words.
The magic dart hits you!
You dig through the rock wall.
You feel drained.
You retract your mandibles.
There is a stone staircase leading down here.
Natasha misses you.
Natasha stares at you and mumbles some strange words.
The magic dart hits you!
Ouch! That really hurt!
You die...

#.# ##.###.# #.#
#.#.... #.# #.#.###
#.# #.#.# # #.#
#.#.### ##.##
#.#.... #...####
#.##### #....h.#
#.# #..@##.# ##.##
##.###.# ##...##
##.#..#####.....###
##.#.#............
###.#.###.....###
###.# ##...## # #.#
##.##### ###
#...... #.#####


You could see Natasha.

Vanquished Creatures
  A dart slug (D:2)
  4 ball pythons
  3 bats
  4 endoplasms
  A giant cockroach (D:2)
  2 goblins (D:1)
  3 jackals (D:1)
  A kobold (D:2)
  A quokka (D:2)
  2 frilled lizards
  A rat (D:1)
23 creatures vanquished.

Notes
Turn   | Place    | Note
-------+----------+-------------------------------------------
     0 | D:1      | DildoBatman the Formicid Conjurer began the quest for the
                  | Orb.
     0 | D:1      | Reached XP level 1. HP: 13/13 MP: 3/3
   275 | D:1      | Reached skill level 4 in Conjurations
   275 | D:1      | Reached XP level 2. HP: 19/19 MP: 0/5
   278 | D:1      | Learned a level 2 spell: Searing Ray
   357 | D:1      | Found a faded altar of an unknown god.
   827 | D:2      | Reached XP level 3. HP: 15/20 MP: 2/6
  1083 | D:2      | Noticed Natasha
  1101 | D:1      | Killed from afar by Natasha

Illustrated notes

Levels and vault maps discovered:
D:1:      amcnicky_arrival_gap_in_the_tavern_cellar, layout_loops_ring,
          basic_ecumenical_altar, lexackson_kobold_supper
D:2:      layout_loops_cross, uniq_natasha

Skill      XL: |  1 |
---------------+----+-----
Conjurations   | 4 |  4.5
Dodging        | |  1.7
Stealth        | |  2.4
Spellcasting   | |  2.1

Action                   || total
-------------------------++-------
Melee: Dagger            ||     8
 Cast: Magic Dart        ||    22
       Searing Ray       ||     5
 Abil: Dig               ||     3
Armor: Robe              ||     3
Dodge: Dodged            ||    15
